 Dungeon Crawl Stone Soup version 0.26.1-2-gb8aa6d0cf2 (webtiles) character file.

Game seed: 9636094435552576563

601 nightchill the Spear-Bearer (level 7, -8/57 HPs)
             Began as a Merfolk Fighter on Mar 29, 2021.
             Was an Initiate of Gozag.
             Mangled by an ogre
             ... wielding a +0 giant spiked club
              (18 damage)
             ... on level 5 of the Dungeon.
             The game lasted 00:06:20 (4983 turns).

nightchill the Spear-Bearer (Merfolk Fighter)       Turns: 4983, Time: 00:06:20

Health: -8/57      AC:  5    Str: 18    XL:     7   Next: 41%
Magic:  7/7        EV:  8    Int:  8    God:    Gozag
Gold:   138        SH: 10    Dex: 13    Spells: 6/6 levels left

rFire    . . .     SeeInvis .   a - +0 trident
rCold    . . .     Faith    .   c - +1 kite shield
rNeg     . . .     Spirit   .   s - +0 ring mail
rPois    .         Reflect  .   (no helmet)
rElec    .         Harm     .   (no cloak)
rCorr    .         Rampage  .   (no gloves)
Will     .....                  (no boots)
Stlth    +.........             m - amulet of the acrobat
HPRegen  0.19/turn              (no ring)
MPRegen  0.10/turn              (no ring)

@: no status effects
A: change form in water, swift swim, stealthy swim
a: Renounce Religion, Potion Petition, Call Merchant, Bribe Branch


You were on level 5 of the Dungeon.
You worshipped Gozag.
Gozag was aware of your devotion.
You visited 2 branches of the dungeon, and saw 6 of its levels.

You collected 229 gold pieces.
You paid 91 gold pieces to Gozag.

Inventory:

Hand Weapons
 a - a +0 trident (weapon)
Armour
 b - a +0 scale mail
 c - a +1 kite shield (worn)
 n - a +0 scale mail
 s - a +0 ring mail (worn)
Jewellery
 m - an amulet of the acrobat (around neck)
Scrolls
 g - 2 scrolls of remove curse
 h - 2 scrolls of enchant armour
 i - a scroll of fog {unknown}
 p - a scroll of teleportation
 q - a scroll of amnesia {unknown}
Potions
 d - a potion of might
 e - 2 potions of haste
 f - a potion of resistance
 j - 2 potions of brilliance
 k - 2 potions of degeneration
 l - a potion of attraction
 o - 2 potions of curing
 r - a potion of ambrosia {unknown}


   Skills:
 + Level 5.9 Fighting
 * Level 9.5 Polearms
 - Level 2.1 Armour
 - Level 3.0 Shields


You had 6 spell levels left.
You didn't know any spells.
Your spell library contained the following spells:

 Spells                   Type           Power        Failure   Level
 Beastly Appendage        Tmut           0%           98%         1
 Wereblood                Tmut           0%           99%         2
 Confusing Touch          Hex            0%           100%        3
 Gell's Gravitas          Tloc           0%           100%        3
 Spider Form              Tmut/Pois      0%           100%        3
 Ice Form                 Ice/Tmut       0%           100%        4
 Petrify                  Tmut/Erth      0%           100%        4
 Blade Hands              Tmut           0%           100%        5
 Metabolic Englaciation   Hex/Ice        0%           100%        5
 Yara's Violent Unravell  Hex/Tmut       0%           100%        5


Dungeon Overview and Level Annotations

Branches:
Dungeon (5/15)             Temple (1/1) D:5

Altars:
Fedhas
Gozag
Sif Muna
Trog
Vehumet
Wu Jian
Xom


Message History

The ogre hits you with a +0 giant spiked club!
You hit the ogre.
The ogre is heavily wounded.
The ogre hits you with a +0 giant spiked club!
You are too injured to fight recklessly!
You are too injured to fight recklessly!
You are too injured to fight recklessly!
You puncture the ogre!
The ogre is severely wounded.
You barely miss the ogre.
The ogre is severely wounded.
The ogre hits you with a +0 giant spiked club!!
* * * LOW HITPOINT WARNING * * *
You hit the ogre.
The ogre is almost dead.
You hit the ogre.
The ogre is almost dead.
The ogre hits you with a +0 giant spiked club!!
You die...
Your body crumbles into a pile of gold.

....#####.##.
............
#+#...........
#.#...........
#............. ###.
.###+.8.8.8..... #...
.......⌠.⌠..# #...
......8O@.8.# #...
.......⌠.⌠..# #### #...
......8.8.8.####≈.# #...
............##....####...
............##....#..'...
............##..######...
............##'### #.'<..
............#..#.# #.#...
..........'..#.###.###+


You could see an ogre.

Vanquished Creatures
  An ogre (D:5)
  A howler monkey (D:4)
  An orc priest (D:3)
  2 hounds
  A bullfrog skeleton (D:4)
  3 iguanas (D:4)
  3 orc wizards (D:4)
  2 worker ants
  6 adders
  A white imp (D:5)
  An ooze (D:1)
  6 worms
  2 dart slugs
  7 orcs
  9 bats
  4 giant cockroaches
  5 goblins
  5 hobgoblins
  4 jackals (D:4)
  6 kobolds
  3 quokkas
  A ball python (D:2)
  A frilled lizard (D:3)
  A jackal zombie (D:5)
  A leopard gecko skeleton (D:4)
  A quokka skeleton (D:4)
  9 rats
87 creatures vanquished.

Vanquished Creatures (others)
  6 fungi (D:2)
  2 plants (D:2)
8 creatures vanquished.

Grand Total: 95 creatures vanquished

Notes
Turn   | Place    | Note
-------+----------+-------------------------------------------
     0 | D:1      | nightchill the Merfolk Fighter began the quest for the Orb.
     0 | D:1      | Reached XP level 1. HP: 18/18 MP: 1/1
   135 | D:1      | Reached XP level 2. HP: 21/24 MP: 2/2
   269 | D:1      | Reached skill level 4 in Polearms
   872 | D:2      | Reached XP level 3. HP: 24/30 MP: 3/3
   944 | D:2      | Found a blossoming altar of Fedhas.
   976 | D:2      | Reached skill level 5 in Polearms
  1358 | D:2      | Reached XP level 4. HP: 4/37 MP: 4/4
  1732 | D:2      | Found a shimmering altar of Xom.
  2157 | D:3      | Found an ornate altar of the Wu Jian Council.
  2458 | D:3      | Reached skill level 6 in Polearms
  2458 | D:3      | Reached XP level 5. HP: 43/43 MP: 5/5
  3256 | D:3      | Reached skill level 7 in Polearms
  3318 | D:4      | Reached XP level 6. HP: 24/50 MP: 6/6
  3708 | D:4      | Reached skill level 5 in Fighting
  3754 | D:4      | Reached skill level 8 in Polearms
  4263 | D:4      | Reached XP level 7. HP: 54/56 MP: 7/7
  4596 | D:5      | Entered Level 5 of the Dungeon
  4632 | D:5      | Reached skill level 9 in Polearms
  4647 | D:5      | Found a staircase to the Ecumenical Temple.
  4771 | Temple   | Entered the Ecumenical Temple
  4799 | Temple   | Became a worshipper of Gozag Ym Sagoz the Greedy
  4983 | D:5      | Mangled by an ogre

Illustrated notes

Levels and vault maps discovered:
D:1:      saegor_arrival_miasma, layout_loops_ring, columned_hall_lemuel
D:2:      layout_basic, brannock_xom_greatest_gift, fedhas_altar_3, st_stairs_7
D:3:      layout_basic, nicolae_overflow_hidden_temple,
          cheibrodos_sewer_entry_bend, serial_rivers,
          chequers_serial_rivers_small_a, chequers_serial_rivers_micro_e,
          chequers_serial_rivers_small_a, chequers_serial_rivers_room_b,
          chequers_serial_rivers_small_a
D:4:      layout_basic, grunt_ministairs_15
D:5:      layout_basic, minmay_temple_entry_statues_fountains, basic_altar,
          kennysheep_nondescript, lightli_corner_chamber
Temple:   regret_index_temple_waves

Skill      XL: |  1  2  3  4  5  6  7 |
---------------+----------------------+-----
Polearms       | 4 5 6 7 8 9 |  9.5
Fighting       | 4 5 |  5.9
Armour         | |  2.1
Shields        | |  3.0

Action                   |  1- 3 |  4- 6 |  7- 9 || total
-------------------------+-------+-------+-------++-------
Melee: Trident           |   103 |   225 |    40 ||   368
       Tailslap          |       |     2 |       ||     2
  Use: Potion            |       |     2 |       ||     2
       Scroll            |       |     7 |       ||     7
Armor: Scale mail        |    30 |    39 |       ||    69
       Ring mail         |       |    28 |     3 ||    31
Dodge: Dodged            |    24 |    59 |     5 ||    88
Block: Kite shield       |    35 |    88 |    13 ||   136
